 Dungeon Crawl Stone Soup version 0.31-a0-1300-gb6740aa4e6 (webtiles) character file.

Game seed: 17300630131955307815

41888 Lobster4 the Stormcaller (level 14, 0/80 HPs)
             Began as a Tengu Air Elementalist on Dec 18, 2023.
             Was a High Priest of Vehumet.
             Hit by a javelin thrown by a minotaur (23 damage)
             ... in a Gauntlet.
             The game lasted 00:59:47 (25346 turns).

Lobster4 the Stormcaller (Tengu Air Elementalist)  Turns: 25346, Time: 00:59:48

Health: 0/80       AC: 25    Str: 18    XL:     14   Next: 17%
Magic:  16/37      EV: 16    Int: 19    God:    Vehumet [*****.]
Gold:   978        SH:  0    Dex: 16    Spells: 3/31 levels left

rFire   . . .        a - staff of air
rCold   . . .        s - orb {*channel}
rNeg    + + +        R - +9 scale mail of Theory {rPois Str+3 Slay-6}
rPois   +            y - +3 hat "Acuzxetuits" {rN++ Regen+ MP+9 Dex-2}
rElec   +            S - +2 cloak
rCorr   .            I - +0 pair of gloves of the Hills {rN+ SInv}
SInv    +            (boots unavailable)
Will    ++...        (no amulet)
Stlth   +            r - ring of willpower
HPRegen 1.13/turn    T - ring "Osee" {rPois Str+6 Dex+2}
MPRegen 0.25/turn

%: no teleportation, acrobat, channel magic (20%)
@: flying
A: beak, talons 3, evasive flight, acrobatic
a: Renounce Religion


You were in a Gauntlet.
You worshipped Vehumet.
Vehumet was extremely pleased with you.
You visited 3 branches of the dungeon, and saw 18 of its levels.
You also visited: Gauntlet.

You collected 1524 gold pieces.
You spent 546 gold pieces at shops.

Inventory:

Hand Weapons
 b - the +6 shillelagh "Devastator" {shatter}
   (You found it on level 5 of the Dungeon)
 c - a +1 sling of freezing
 z - a +2 short sword of venom
 O - a +4 dagger of freezing
Missiles
 q - 35 poisoned darts (quivered)
 v - 4 throwing nets
 J - 9 curare-tipped darts
 U - 3 atropa-tipped darts
Armour
 s - an orb of energy (worn)
 y - the +3 hat "Acuzxetuits" (worn) {rN++ Regen+ MP+9 Dex-2}
   (You found it on level 4 of the Lair of Beasts)

   Dex-2:     It affects your dexterity (-2).
   rN++:      It greatly protects you from negative energy.
   MP+9:      It affects your magic capacity (+9).
   Regen+:    It increases your rate of health regeneration.
 A - +0 fire dragon scales
 F - a +0 buckler
 I - the +0 pair of gloves of the Hills (worn) {rN+ SInv}
   (You bought it in a shop on level 2 of the Dungeon)

   rN+:       It protects you from negative energy.
   SInv:      It lets you see invisible.
 K - +0 steam dragon scales
 N - a +1 robe of willpower
 R - the +9 scale mail of Theory (worn) {rPois Str+3 Slay-6}
   (You bought it in a shop on level 2 of the Dungeon)

   Str+3:     It affects your strength (+3).
   Slay-6:    It affects your accuracy & damage with ranged weapons and melee
   (-6).
   rPois:     It protects you from poison
 S - a +2 cloak (worn)
Magical Staves
 a - a staff of air (weapon)
 M - a staff of poison
Jewellery
 i - a ring of protection from cold
 o - a ring of resist corrosion
 p - a +6 ring of strength
 r - a ring of willpower (left hand)
 B - a ring of positive energy
 T - the ring "Osee" (right hand) {rPois Str+6 Dex+2}
   (You found it in a Gauntlet)

   [ring of strength]

   Str+6:     It affects your strength (+6).
   Dex+2:     It affects your dexterity (+2).
   rPois:     It protects you from poison
Wands
 d - a wand of mindburst (1)
 t - a wand of light (12)
 x - a wand of flame (5)
 G - a wand of polymorph (8)
Scrolls
 j - a scroll of immolation
 m - 5 scrolls of teleportation
 n - 4 scrolls of fear
 w - a scroll of silence
 E - 2 scrolls of amnesia
 V - a scroll of enchant armour
Potions
 e - 5 potions of curing
 f - a potion of attraction
 g - a potion of berserk rage
 h - 4 potions of brilliance {unknown}
 k - 2 potions of mutation
 l - 4 potions of might {unknown}
 u - a potion of enlightenment
 C - a potion of magic
 D - 2 potions of lignification
 H - a potion of haste
 L - a potion of ambrosia
 P - a potion of resistance
 Q - a potion of cancellation


   Skills:
 + Level 6.1 Fighting
 - Level 2.0 Short Blades
 - Level 6.0 Maces & Flails
 + Level 8.5 Armour
 - Level 6.0 Dodging
 - Level 2.0 Stealth
 + Level 0.4 Shields
 + Level 9.1 Spellcasting
 + Level 12.5 Conjurations
 - Level 4.0 Translocations
 * Level 17.8 Air Magic
 - Level 3.0 Earth Magic
 - Level 5.0 Evocations


You had 3 spell levels left.
You knew the following spells:

 Your Spells              Type           Power      Damage    Failure   Level
a - Shock                 Conj/Air       100%       1d9       1%          1
b - Static Discharge      Conj/Air       100%       3-8/arc   1%          2
c - Airstrike             Air            42%        2d(7-23)  1%          4
d - Arcjolt               Conj/Air       39%        1d49      1%          5
e - Stone Arrow           Conj/Erth      76%        3d11      2%          3
f - Conjure Ball Lightni  Conj/Air       39%        3x3d13    5%          6
h - Iskenderun's Mystic   Conj/Tloc      40%        2d9       5%          4
s - Swiftness             Air            85%        N/A       1%          3

Your spell library contained the following spells:

 Spells                   Type           Power      Damage    Failure   Level
 Foxfire                  Conj/Fire      100%       2x1d9     1%          1
 Sandblast                Erth           40%        2d10      4%          1
 Apportation              Tloc           46%        N/A       13%         1
 Volatile Blastmotes      Fire/Tloc      32%        2d12      16%         3
 Inner Flame              Hex/Fire       8%         N/A       28%         3
 Passwall                 Tmut/Erth      11%        N/A       38%         2
 Necrotise                Necr           32%        1d5       43%         1
 Summon Small Mammal      Summ           32%        N/A       43%         1
 Brom's Barrelling Bould  Conj/Erth      38%        2d6       6%          4
 Vhi's Electric Charge    Tloc/Air       100%       N/A       10%         4
 Fireball                 Conj/Fire      16%        3d8       22%         5
 Plasma Beam              Fire/Air       29%        2x1d42    36%         6
 Yara's Violent Unravell  Hex/Tmut       4%         3d4       88%         5
 Cause Fear               Hex            4%         N/A       98%         4
 Enfeeble                 Hex            4%         N/A       100%        7
 Dragon's Call            Summ           4%         N/A       100%        9
 Fire Storm               Conj/Fire      16%        8d4       100%        9


Dungeon Overview and Level Annotations

Branches:
Dungeon (12/15)            Temple (1/1) D:6            Lair (5/5) D:11
  Swamp (0/4) Lair:2        Slime (0/5) Lair:5          Orc (0/2) D:12
Gauntlet (1/1)
  Snake: Lair:2-3    Spider: Lair:2-3

Altars:
Ashenzari
Cheibriados
Dithmenos
Elyvilon
Fedhas
Gozag
Hepliaklqana
Kikubaaqudgha
Makhleb
Nemelex Xobeh
Okawaru
Qazlal
Ru
Sif Muna
Trog
Uskayaw
Vehumet
Wu Jian
Xom
Yredelemnul
Zin
The Shining One

Shops:
D:2 [   D:3 *

Annotations:
D:3 Grinder
D:7 Jeremiah
D:12 Nessos
Lair:2 1 runed translucent door, variable76's ghost, journeyman MiFi
Lair:3 1 runed translucent door, Foishes's ghost, journeyman OpEn Gauntlet 8 transporters, exclusion: lightning spire


Innate Abilities, Weirdness & Mutations

You have a beak for a mouth.
You have claws for feet.
Your magical flight helps you evade attacks. (EV +4)
You can magically evade attacks while moving or waiting.


Message History

The blast of lightning engulfs you. You resist.
Casting: Conjure Ball Lightning (dangerous; 5% risk of failure)
Confirm with . or Enter, or press ? or * to list all spells.
Aiming: Airstrike (mildly dangerous; 1% risk of failure)
Press: ? - help, Dir - move target, f/p - minotaur
Aim: a minotaur, wielding the +4 orcbow "Qeemp" {drain, rElec rF++ rCorr MP-9}, wearing a +0 plate armour and quivering javelins (heavily wounded, empty space bonus: 4/8)
You feel a surge of power!
The air twists around and strikes the minotaur!
The minotaur is severely wounded.
The minotaur throws a javelin.
The javelin barely misses you.
Casting: Airstrike (mildly dangerous; 1% risk of failure)
Confirm with . or Enter, or press ? or * to list all spells.
Aiming: Airstrike (mildly dangerous; 1% risk of failure)
Press: ? - help, Dir - move target, f/p - minotaur
Aim: a minotaur, wielding the +4 orcbow "Qeemp" {drain, rElec rF++ rCorr MP-9}, wearing a +0 plate armour and quivering javelins (severely wounded, empty space bonus: 4/8)
You feel a surge of power!
The air twists around and strikes the minotaur.
The minotaur is severely wounded.
Magical energy flows into your mind!
The minotaur throws a javelin.
The javelin pierces through you!
* * * LOW HITPOINT WARNING * * *
Okay, then.
Okay, then.
Unknown command.
Okay, then.
Unknown command.
Okay, then.
Unknown command.
Unknown command.
Unknown command.
Unknown command.
Casting: Airstrike (mildly dangerous; 1% risk of failure)
Confirm with . or Enter, or press ? or * to list all spells.
Aiming: Stone Arrow (mildly dangerous; 2% risk of failure)
Press: ? - help, Shift-Dir - straight line, f/p - minotaur
Aim: a minotaur, wielding the +4 orcbow "Qeemp" {drain, rElec rF++ rCorr MP-9}, wearing a +0 plate armour and quivering javelins (severely wounded, 88% to hit)
The stone arrow hits the minotaur.
The minotaur is severely wounded.
The minotaur throws a javelin.
The javelin pierces through you!!
You die...

#.##....©.#.....##§.#.#.#.
#....##...#.....#§#.#^..#.
#.##.##.©.#.....#########.
#∩..H'.##..H..)#..∩............
######....##.©.#.....#########.
..##.##...#.....#h.h....#.
#.##....©.#.P...#"####..#.
#....##...#.♣P..#.#..##.##
..##.##*♣@#.....#©.#©.#.#©
#.##......##..♣.#?^##.#.#.
...##.♣.###...#}.^.##.#. ##
#...##≈...#8......#. #
###≈≈.P.#########.
##≈.♣.........#©
##.P.#########.
##≈...##t#.#.##.
#≈≈...#!#.#.#.#.


You could see a minotaur.

Vanquished Creatures
  Kirke (Lair:3)
  Harold (Lair:2)
  3 hydras
  4 two-headed ogres
  A skyshark (Lair:3)
  A manticore (Lair:3)
  2 cyclopes
  A torpor snail (Lair:3)
  A black mamba (Lair:1)
  10 elephants
  A molten gargoyle (Gauntlet)
  11 cane toads
  2 gargoyles (D:11)
  An unseen horror (D:12)
  Maggie (D:7)
  A kobold demonologist (D:12)
  A minotaur zombie (D:10)
  5 komodo dragons
  8 rime drakes
  A hydra zombie (D:10)
  2 trolls
  A polar bear (Lair:4)
  A hornet (D:8)
  5 blink frogs (Lair:3)
  A meliai zombie (D:10)
  4 dream sheep (Lair:4)
  3 shadows
  2 centaur simulacra (Gauntlet)
  A wraith (D:12)
  35 yaks
  3 hogs
  5 basilisks (Lair:3)
  9 wyverns
  4 vampire mosquitoes (D:12)
  3 steam dragons
  A small abomination (D:10)
  2 swamp worms (Lair:2)
  An acid dragon (D:10)
  Duvessa (D:7)
  7 water moccasins
  A sky beast (D:6)
  15 orc warriors
  An elephant zombie (D:10)
  A black bear (D:3)
  A hornet zombie (D:8)
  8 ogres
  20 wolves
  3 centaurs
  3 kobold brigands
  13 bullfrogs
  A necrophage (D:8)
  A gnoll sergeant (D:7)
  A wyvern zombie (D:8)
  13 wights
  A hornet simulacrum (Gauntlet)
  Dowan (D:7)
  5 killer bees (D:7)
  4 spriggan zombies (D:10)
  2 howler monkeys
  2 wolf zombies (D:10)
  3 centaur zombies
  4 hounds
  A human zombie (D:8)
  16 orc priests
  A sleepcap (D:6)
  Jessica (D:3)
  Terence (D:2)
  Natasha (thrice) (D:2)
  2 iguanas
  15 orc wizards
  Ijyb (D:3)
  9 hell rats (Lair:3)
  3 killer bee zombies
  A mummy (D:8)
  A howler monkey zombie (D:8)
  9 adders
  7 gnolls
  A shadow imp (D:6)
  3 white imps
  2 ufetubi (D:5)
  2 dart slugs
  51 orcs
  4 ball pythons
  6 bats
  10 endoplasms
  3 giant cockroaches
  13 goblins
  8 hobgoblins
  12 jackals
  25 kobolds
  3 quokkas
  2 frilled lizards (D:1)
  6 rats
474 creatures vanquished.

Vanquished Creatures (others)
  A harpy zombie (D:10)
  8 ball lightnings
9 creatures vanquished.

Grand Total: 483 creatures vanquished

Notes
Turn   | Place    | Note
-------+----------+-------------------------------------------
     0 | D:1      | Lobster4 the Tengu Air Elementalist began the quest for the
                  | Orb.
     0 | D:1      | Reached XP level 1. HP: 10/10 MP: 4/4
   169 | D:1      | Reached XP level 2. HP: 16/16 MP: 0/6
   605 | D:1      | Reached skill level 1 in Armour
   658 | D:1      | Reached XP level 3. HP: 20/20 MP: 0/7
   954 | D:1      | Learned a level 2 spell: Static Discharge
   958 | D:1      | Learned a level 3 spell: Swiftness
  1371 | D:2      | Noticed Terence
  1600 | D:2      | Killed Terence
  1601 | D:2      | Reached skill level 1 in Fighting
  1601 | D:2      | Reached skill level 5 in Air Magic
  1601 | D:2      | Reached XP level 4. HP: 25/25 MP: 2/8
  2399 | D:2      | Found Syesuarr's Antique Armour Shoppe.
  2421 | D:2      | Found a broken altar of Ashenzari.
  2936 | D:3      | Noticed a black bear
  2948 | D:3      | Noticed Ijyb
  2956 | D:3      | Killed Ijyb
  2957 | D:3      | Reached XP level 5. HP: 23/29 MP: 7/9
  3034 | D:3      | Reached skill level 6 in Air Magic
  3270 | D:3      | Killed a black bear
  3271 | D:3      | Reached XP level 6. HP: 35/35 MP: 11/11
  3328 | D:3      | Learned a level 4 spell: Airstrike
  3484 | D:3      | Noticed Jessica
  3488 | D:3      | Killed Jessica
  3489 | D:3      | Reached skill level 1 in Short Blades
  3589 | D:3      | Found a faded altar of an unknown god.
  3659 | D:3      | Noticed Grinder
  3934 | D:3      | Found Fusu's General Store.
  3940 | D:3      | Bought a scroll of teleportation for 39 gold pieces
  3940 | D:3      | Bought a scroll of identify for 26 gold pieces
  4263 | D:4      | Reached skill level 7 in Air Magic
  4263 | D:4      | Gained mutation: Your magical flight helps you evade
                  | attacks. (EV +4) [Tengu growth]
  4263 | D:4      | Reached XP level 7. HP: 31/40 MP: 3/12
  4954 | D:4      | Found a sparkling altar of Nemelex Xobeh.
  5211 | D:5      | Entered Level 5 of the Dungeon
  5458 | D:5      | Found an opulent altar of Gozag.
  5590 | D:5      | Reached skill level 8 in Air Magic
  5639 | D:5      | Found the +6 shillelagh "Devastator" {shatter}
  5662 | D:5      | Reached skill level 5 in Conjurations
  5662 | D:5      | Reached XP level 8. HP: 39/44 MP: 4/15
  6123 | D:5      | Reached skill level 1 in Maces & Flails
  6393 | D:6      | Reached skill level 9 in Air Magic
  6713 | D:6      | Found a staircase to the Ecumenical Temple.
  6723 | Temple   | Entered the Ecumenical Temple
  6753 | Temple   | Became a worshipper of Vehumet
  7194 | D:6      | Reached XP level 9. HP: 49/49 MP: 3/16
  7338 | D:6      | Noticed a komodo dragon
  8020 | D:6      | Found a basalt altar of Yredelemnul.
  8030 | D:6      | Reached skill level 10 in Air Magic
  8759 | D:6      | Killed a komodo dragon
  8760 | D:6      | Reached skill level 5 in Spellcasting
  9299 | D:7      | Noticed Dowan
  9302 | D:7      | Noticed Duvessa
  9484 | D:7      | Noticed Maggie
  9490 | D:7      | Killed Maggie
  9491 | D:7      | Reached skill level 11 in Air Magic
  9513 | D:7      | Reached * piety under Vehumet
  9513 | D:7      | Offered knowledge of Foxfire by Vehumet.
  9598 | D:7      | Killed Dowan
  9672 | D:7      | Killed Duvessa
  9925 | D:7      | Reached XP level 10. HP: 56/56 MP: 8/19
 10070 | D:7      | Reached skill level 12 in Air Magic
 10162 | D:7      | Noticed Jeremiah
 10877 | D:2      | Bought a pair of transparent gloves for 247 gold pieces
 10877 | D:2      | Identified the +0 pair of gloves of the Hills {rN+ SInv}
                  | (You bought it in a shop on level 2 of the Dungeon)
 10903 | D:2      | Noticed Natasha
 10907 | D:2      | Killed Natasha
 10997 | D:2      | Noticed Natasha
 10999 | D:2      | Killed Natasha
 11118 | D:2      | Noticed Natasha
 11120 | D:2      | Killed Natasha
 11348 | D:2      | Found a broken altar of Ashenzari.
 11399 | D:2      | Found Syesuarr's Antique Armour Shoppe.
 12287 | D:8      | Reached skill level 1 in Evocations
 12326 | D:8      | Found a shadowy altar of Dithmenos.
 12765 | D:8      | Identified the serpent talisman of a bailey {rC- Str+3
                  | Slay+2}
 13256 | D:8      | Found an ancient bone altar of Kikubaaqudgha.
 13553 | D:8      | Offered knowledge of Magic Dart by Vehumet.
 13699 | D:9      | Reached ** piety under Vehumet
 13871 | D:9      | Reached skill level 13 in Air Magic
 14413 | D:9      | Found a burning altar of Makhleb.
 14523 | D:9      | Offered knowledge of Momentum Strike by Vehumet.
 14776 | D:9      | Reached XP level 11. HP: 60/60 MP: 16/21
 15034 | D:10     | Entered Level 10 of the Dungeon
 15060 | D:10     | Reached skill level 5 in Maces & Flails
 15070 | D:10     | Reached *** piety under Vehumet
 15334 | D:10     | Found a basalt altar of Yredelemnul.
 16586 | D:10     | Identified the +10 war axe "Concordance" {heavy, *Noise
                  | Str-5 Int+5 Stlth+}
 16646 | D:10     | Found a glowing golden altar of the Shining One.
 16962 | D:2      | Bought an ichor-stained scale mail for 234 gold pieces
 16962 | D:2      | Identified the +9 scale mail of Theory {rPois Str+3 Slay-6}
                  | (You bought it in a shop on level 2 of the Dungeon)
 17192 | D:11     | Learned a level 5 spell: Arcjolt
 17223 | D:11     | Reached skill level 5 in Armour
 17324 | D:11     | Offered knowledge of Iskenderun's Mystic Blast by Vehumet.
 17472 | D:11     | Reached skill level 14 in Air Magic
 17477 | D:11     | Learned a level 4 spell: Iskenderun's Mystic Blast
 17575 | D:11     | Found a staircase to the Lair.
 17644 | D:11     | Noticed a cyclops
 17650 | D:11     | Killed a cyclops
 18144 | D:11     | Noticed a two-headed ogre
 18172 | D:11     | Killed a two-headed ogre
 18173 | D:11     | Reached skill level 1 in Translocations
 18496 | D:12     | Found a staircase to the Orcish Mines.
 18515 | D:12     | Noticed a two-headed ogre
 18529 | D:12     | Killed a two-headed ogre
 18530 | D:12     | Reached skill level 10 in Conjurations
 18642 | D:12     | Noticed a two-headed ogre
 18659 | D:12     | Killed a two-headed ogre
 18686 | D:12     | Noticed a sun demon
 18757 | D:12     | Noticed a two-headed ogre
 18766 | D:12     | Noticed a cyclops
 18793 | D:12     | Killed a two-headed ogre
 18794 | D:12     | Reached XP level 12. HP: 66/66 MP: 14/24
 18812 | D:12     | Reached **** piety under Vehumet
 18813 | D:12     | Reached skill level 15 in Air Magic
 18908 | D:12     | Reached skill level 5 in Dodging
 18952 | D:12     | Offered knowledge of Lee's Rapid Deconstruction by Vehumet.
 19062 | D:12     | Noticed Nessos
 19101 | Lair:1   | Entered Level 1 of the Lair of Beasts
 20053 | Lair:1   | Reached ***** piety under Vehumet
 20064 | Lair:1   | Offered knowledge of Ozocubu's Refrigeration by Vehumet.
 20286 | Lair:1   | Reached skill level 16 in Air Magic
 20464 | Lair:1   | Learned a level 3 spell: Stone Arrow
 21211 | Lair:2   | Noticed Harold
 21239 | Lair:2   | Killed Harold
 21240 | Lair:2   | Reached skill level 1 in Earth Magic
 21240 | Lair:2   | Reached XP level 13. HP: 71/71 MP: 4/26
 21792 | Lair:2   | Found a runed translucent door.
 22091 | Lair:2   | Found a staircase to the Swamp.
 22155 | Lair:2   | Noticed variable76's ghost (journeyman MiFi)
 22489 | Lair:3   | Noticed Kirke
 22497 | Lair:3   | Noticed a sphinx
 22626 | Lair:3   | Killed Kirke
 22719 | Lair:3   | Found a runed translucent door.
 22809 | Lair:3   | Reached skill level 5 in Fighting
 23280 | Lair:3   | Reached skill level 17 in Air Magic
 23734 | Lair:3   | Offered knowledge of Conjure Ball Lightning by Vehumet.
 23742 | Lair:3   | Learned a level 6 spell: Conjure Ball Lightning
 24190 | Lair:3   | Noticed Foishes's ghost (journeyman OpEn)
 24251 | Lair:3   | Reached skill level 5 in Evocations
 24461 | Lair:3   | You are sucked into a shaft and drop 2 floors!
 24461 | Lair:5   | Entered Level 5 of the Lair of Beasts
 24590 | Lair:4   | Reached XP level 14. HP: 54/79 MP: 8/27
 24787 | Lair:4   | Identified the +3 hat "Acuzxetuits" {rN++ Regen+ MP+9
                  | Dex-2}
 24862 | Lair:4   | Found a gate leading to a gauntlet.
 24884 | Gauntlet | Entered a Gauntlet
 24884 | Gauntlet | Found a transporter.
 24900 | Gauntlet | Found a transporter.
 24902 | Gauntlet | Found a transporter.
 24913 | Gauntlet | Found a transporter.
 24916 | Gauntlet | Found a transporter.
 24924 | Gauntlet | Found a transporter.
 24949 | Gauntlet | Found a transporter.
 24957 | Gauntlet | Found a transporter.
 24968 | Gauntlet | Found a transporter.
 24989 | Gauntlet | Found a transporter.
 25002 | Gauntlet | Found a transporter.
 25002 | Gauntlet | Found a transporter.
 25048 | Gauntlet | Found a transporter.
 25062 | Gauntlet | Found a transporter.
 25259 | Gauntlet | Identified the ring "Osee" {rPois Str+6 Dex+2}
 25262 | Gauntlet | Got Sif Muna's Lessons on Xenomorphic Calefaction
 25324 | Gauntlet | Identified the +4 orcbow "Qeemp" {drain, rElec rF++ rCorr
                  | MP-9}
 25346 | Gauntlet | Hit by a javelin thrown by a minotaur

Illustrated notes

Levels and vault maps discovered:
D:1:      dpeg_arrival_court, layout_loops_ring
D:2:      layout_basic, basic_altar, serial_shops,
          nicolae_shop_just_a_little_nook, minmay_increasing_density,
          uniq_terence, uniq_natasha
D:3:      layout_basic, dreamdust_ecumenical_altar_angels_and_demons,
          serial_shops, nicolae_shop_pleasant_corner_grove, grunt_ministairs_12,
          uniq_ijyb, uniq_grinder, uniq_jessica
D:4:      layout_basic, mainiacjoe_overflow_chevrons, serial_bayou_pond_c
D:5:      layout_gridville, nicolae_gozag_seed_capital, nrook_pool_corridor,
          dilly_guarded_unrand_devastator
D:6:      kennysheep_spiral_hall, layout_layer_cave, kennysheep_little_box,
          minmay_temple_entry_waves
D:7:      layout_cave_pools, kennysheep_generic_room_4, uniq_maggie,
          uniq_duvessa, uniq_jeremiah
D:8:      layout_loops_ring, lemuel_mausoleum_altar_kikubaaqudgha,
          pf_just_have_faith
D:9:      minmay_goldmine, layout_gridville,
          mainiacjoe_overflow_six_doors_small, grunt_ministairs_5, minivault_25
D:10:     layout_stronghold, mainiacjoe_overflow_cross_hatched,
          roadster_capsule_ark_zombie
D:11:     layout_roguey, lair_entry_dummy
D:12:     layout_rooms, orc_0_dummy, special_room [special_room_orc],
          uniq_nessos
Temple:   bh_familiar_temple
Lair:1:   layout_long_grid, lemuel_fruit_fields
Lair:2:   layout_chaotic_city, palyth_hydra_swamp_entry,
          ebering_ghost_reflecting_pool, uniq_harold
Lair:3:   layout_loops_ring, spider_nest_entry_funnel_web,
          hellmonk_ghost_happy_afterlife, special_room
          [special_room_mythical_zoo], infiniplex_staircase_pool,
          serial_bayou_shore_b, uniq_kirke
Lair:4:   layout_layer_cave, gauntlet_entry_generic
Lair:5:   due_jungle_book, layout_gridlike, slime_entry_1, basic_altar
Gauntlet: minmay_gauntlet_77_tree [minmay_gauntlet_arena_77_squiggly,
          minmay_gauntlet_arena_77_broken_ladder,
          minmay_gauntlet_arena_77_p_blocks, minmay_gauntlet_arena_77_checkered,
          minmay_gauntlet_arena_77_hold_the_fort,
          minmay_gauntlet_arena_77_radiant_squares,
          minmay_gauntlet_arena_77_tiled_triplets, gauntlet_exit_green]

Skill      XL: |  1  2  3  4  5  6  7  8  9 10 11 12 13 14 |
---------------+-------------------------------------------+-----
Armour         | 1 2 3 4 5 7 8 |  8.5
Conjurations   | 2 3 5 6 7 9 10 11 12 | 12.5
Fighting       | 1 2 3 4 5 6 |  6.1
Air Magic      | 5 6 7 8 9 11 13 14 16 17 | 17.8
Spellcasting   | 3 4 5 6 7 8 9 |  9.1
Short Blades   | 1 2 |  2.0
Maces & Flails | 2 4 6 |  6.0
Dodging        | 3 4 5 6 |  6.0
Evocations     | 2 3 5 |  5.0
Translocations | 2 3 4 |  4.0
Earth Magic    | 1 2 3 |  3.0
Stealth        | |  2.0
Shields        | |  0.4

Action                     |  1- 3 |  4- 6 |  7- 9 | 10-12 | 13-15 || total
---------------------------+-------+-------+-------+-------+-------++-------
  Melee: Club              |     3 |       |       |       |       ||     3
         Dagger            |     6 |     5 |       |       |       ||    11
         Kick              |     3 |     4 |       |    11 |    21 ||    39
         Short sword       |       |     3 |     2 |       |       ||     5
         Peck              |       |     1 |       |     6 |    15 ||    22
         Shillelagh        |       |       |       |    14 |     2 ||    16
         Staff             |       |       |       |    22 |    46 ||    68
  Throw: Dart              |       |    10 |       |     6 |       ||    16
         Throwing net      |       |       |       |     1 |       ||     1
   Cast: Shock             |    81 |   104 |   145 |   183 |    20 ||   533
         Static Discharge  |       |     4 |    16 |    69 |     1 ||    90
         Airstrike         |       |       |    59 |   197 |   134 ||   390
         Swiftness         |       |       |       |     2 |       ||     2
         Arcjolt           |       |       |       |    10 |    31 ||    41
         Iskenderun's Myst |       |       |       |     1 |     4 ||     5
         Stone Arrow       |       |       |       |     1 |     1 ||     2
         Conjure Ball Ligh |       |       |       |       |     3 ||     3
  Evoke: Wand              |       |     5 |       |       |     2 ||     7
    Use: Scroll            |     1 |     3 |     2 |    16 |     5 ||    27
         Potion            |       |     1 |     1 |       |     1 ||     3
   Stab: Sleeping          |     1 |       |       |     1 |       ||     2
 Armour: Robe              |     6 |    20 |    27 |       |       ||    53
         Leather armour    |       |       |    10 |       |       ||    10
         Steam dragon scal |       |       |       |   133 |       ||   133
         Scale mail        |       |       |       |    56 |   112 ||   168
  Dodge: Dodged            |    17 |    18 |    33 |   162 |   143 ||   373

Table legend: (Time is in decaauts)
 A = Elapsed time spent in this place.
 B = Non-inter-level travel time spent in this place.
 C = Inter-level travel time spent in this place.
 D = Time resting spent in this place.
 E = Time spent auto-exploring this place.
 F = Levels seen in this place.
 G = Mean time per level.
                   A        B        C        D        E       F      G
               +--------+--------+--------+--------+--------+-----+--------+
         Total |  25366 |  23803 |   1563 |   4728 |  15534 |  19 | 1335.1 |
       Dungeon |  19052 |  17665 |   1387 |   3446 |  11934 |  12 | 1587.7 |
        Temple |     59 |      2 |     57 |      0 |      0 |   1 |   59.0 |
          Lair |   5793 |   5674 |    119 |   1174 |   3427 |   5 | 1158.6 |
      Gauntlet |    459 |    459 |      0 |    108 |    173 |   1 |  459.0 |
               +--------+--------+--------+--------+--------+-----+--------+

Top non-repeatable levels by time:
     D:6: 2939 daAuts
     D:2: 2477 daAuts
     D:8: 2013 daAuts
  Lair:1: 1892 daAuts
  Lair:2: 1783 daAuts
  Lair:3: 1694 daAuts
    D:10: 1618 daAuts
     D:1: 1452 daAuts
     D:7: 1387 daAuts
     D:9: 1336 daAuts
    D:11: 1328 daAuts
     D:5: 1316 daAuts
     D:3: 1309 daAuts
     D:4: 1293 daAuts
    D:12: 580 daAuts
